Map: Kairos Junction LE

Players

Bleak

  • Race: Terran Terran
  • Spawn Location: 5:00

HolyHit - Winner!

  • Race: Protoss Protoss
  • Spawn Location: 11:00

Event: 2019 WCS Summer

VOD

Have the link to the VOD?

Description

Time

  • Played on: July 12, 2019, 6:56 a.m.
  • Length: 9:04

All games in this series

Show
View Real Time Build Order
Export as new Build Order

Bleak Terran 

Build Orders: Gas First Reaper Expand 

Get SALT Encoding   

  12  0:00  SCV  
  13  0:12  SCV  
  14  0:17  Supply Depot  
  14  0:25  SCV  
  14  0:28  Refinery  
  15  0:38  SCV  
  16  0:45  Barracks  
  16  0:50  SCV  
  17  1:03  SCV  
  18  1:15  SCV  
  19  1:33  Orbital Command, Reaper  
  20  1:48  Command Center  
  20  1:58  Factory  
  20  2:03  SCV  
  20  2:06  Barracks Reactor  
  21  2:17  Supply Depot  
  21  2:18  SCV  
  22  2:30  SCV  
  22  2:32  Refinery  
  23  2:42  SCV  
  24  2:53  Hellion  
  24  2:54  Hellion  
  24  2:55  Barracks Tech Lab, Starport  
  24  2:56  SCV  
  27  3:19  Hellion  
  29  3:20  Hellion  
  29  3:23  SCV  
  29  3:26  Orbital Command  
  30  3:41  Orbital Command  
  30  3:45  SCV  
  31  3:49  Marine  
  31  3:50  Siege Tank, Marine  
  36  3:56  Bunker  
  36  3:57  SCV  
  37  4:07  Marine  
  37  4:09  SCV  
  33  4:17  SCV  
  33  4:21  SCV  
  33  4:22  Marine  
  33  4:25  Siege Tank, Marine  
  33  4:29  SCV  
  33  4:30  Starport Tech Lab  
  38  4:33  SCV  
  39  4:41  SCV  
  39  4:43  Supply Depot  
  40  4:46  SCV  
  40  4:47  Marine x2  
  40  4:50  Raven  
  45  4:53  SCV  
  46  5:05  Siege Tank, SCV x2  
  46  5:06  Supply Depot  
  51  5:17  SCV  
  51  5:18  Barracks  
  51  5:20  Barracks  
  52  5:21  Marine x2  
  52  5:27  SCV  
  55  5:32  Refinery  
  55  5:36  SCV  
  55  5:39  Marine x2  
  55  5:40  SCV, Starport Reactor  
  56  5:47  Siege Tank  
  56  5:49  SCV  
  60  5:52  SCV  
  61  6:01  SCV  
  62  6:09  Barracks Tech Lab  
  62  6:12  Engineering Bay  
  62  6:26  Marine x2  
  62  6:27  SCV x2  
  62  6:31  Combat Shield, Supply Depot  
  61  6:33  Stimpack, Supply Depot  
  61  6:39  SCV  
  62  6:52  SCV x2, Medivac x2  
  68  6:54  Siege Tank  
  68  6:57  Supply Depot  
  71  7:04  SCV x2, Terran Infantry Weapons Level 1  
  71  7:07  Marauder, Marine x2  
  77  7:12  Refinery  
  77  7:14  Supply Depot  
  77  7:17  SCV  
  77  7:18  SCV  
  77  7:19  Marauder  
  81  7:25  Medivac  
  81  7:29  SCV  
  80  7:31  SCV  
  80  7:34  Liberator  
  81  7:38  Siege Tank, Marine x2  
  81  7:39  Marine  
  81  7:40  Marine  
  81  7:41  SCV, Supply Depot  
  81  7:43  SCV  
  90  7:45  Supply Depot  
  90  7:53  SCV  
  94  8:02  Marine, SCV  
  94  8:04  Missile Turret  
  94  8:05  Concussive Shells, Marine, SCV  
  97  8:06  Marauder, Marine, Missile Turret  
  98  8:14  SCV  
  98  8:17  SCV  
  98  8:19  Missile Turret  
  100  8:20  Marine  
  100  8:23  Marine  
  100  8:26  SCV  
  109  8:27  Siege Tank  
  106  8:34  Marine  
  106  8:35  Marauder  
  106  8:38  Marine  
Show
View Real Time Build Order
Export as new Build Order

HolyHit Protoss - Winner!

Build Orders: 1 Gate Expand, Colossus Rush 

Get SALT Encoding   

  12  0:00  Probe  
  13  0:13  Probe  
  14  0:18  Pylon  
  14  0:24  Probe  
  15  0:32  Probe  
  15  0:37  Gateway  
  15  0:40  Probe  
  16  0:46  Assimilator  
  17  0:51  Probe  
  18  1:03  Probe  
  19  1:15  Probe  
  20  1:25  Cybernetics Core  
  20  1:32  Nexus  
  20  1:36  Probe  
  21  1:43  Pylon  
  21  1:47  Assimilator  
  21  1:52  Probe, Adept  
  24  2:09  Probe  
  24  2:13  Warp Gate  
  25  2:17  Stalker  
  25  2:21  Probe, Pylon  
  27  2:33  Probe, Robotics Facility  
  28  2:45  Probe  
  28  2:46  Stalker  
  28  2:47  Probe  
  32  2:57  Probe  
  33  2:59  Probe  
  34  3:09  Probe  
  34  3:11  Probe  
  36  3:16  Observer  
  36  3:21  Probe  
  36  3:23  Probe  
  36  3:24  Robotics Bay  
  37  3:33  Probe  
  38  3:35  Probe  
  38  3:36  Gateway  
  38  3:39  Gateway  
  39  3:42  Warp Prism  
  39  3:47  Probe  
  42  3:49  Pylon  
  42  3:55  Probe  
  43  3:58  Assimilator  
  43  4:00  Assimilator  
  43  4:03  Stalker  
  43  4:09  Disruptor  
  40  4:11  Probe  
  40  4:12  Probe  
  35  4:21  Probe  
  35  4:23  Gravitic Drive  
  38  4:24  Probe  
  40  4:31  Probe  
  40  4:35  Probe  
  40  4:38  Disruptor  
  41  4:43  Probe  
  42  4:48  Probe  
  46  4:55  Probe  
  47  5:00  Probe  
  48  5:07  Probe  
  48  5:11  Nexus  
  48  5:12  Observer  
  49  5:17  Probe  
  49  5:19  Probe  
  52  5:24  Twilight Council  
  52  5:28  Forge  
  52  5:36  Pylon  
  52  5:40  Colossus  
  52  5:45  Probe  
  52  5:49  Probe  
  60  5:58  Pylon  
  60  6:01  Charge, Probe  
  60  6:02  Probe  
  62  6:13  Pylon  
  62  6:16  Probe  
  62  6:17  Colossus  
  63  6:21  Probe, Protoss Ground Armor Level 1  
  61  6:28  Probe  
  62  6:33  Gateway  
  62  6:34  Probe x2  
  70  6:41  Gateway  
  70  6:42  Probe  
  71  6:47  Sentry  
  71  6:50  Probe  
  74  6:57  Probe  
  74  6:58  Extended Thermal Lance  
  75  7:01  Probe, Gateway  
  75  7:02  Probe  
  75  7:05  Sentry, Gateway  
  79  7:10  Probe  
  79  7:13  Probe  
  79  7:14  Probe, Pylon  
  82  7:17  Colossus  
  82  7:22  Probe  
  83  7:25  Probe  
  90  7:34  Zealot x4  
  90  7:36  Probe  
  99  7:40  Pylon  
  99  7:51  Pylon  
  99  7:55  Assimilator  
  99  7:56  Assimilator  
  99  7:58  Pylon  
  99  7:59  Pylon  
  99  8:07  Colossus  
  99  8:08  Zealot x5  
  109  8:16  Pylon  
  109  8:18  Probe  
  115  8:34  Zealot x5  
  110  8:56  Zealot x7  
Tags
 
Add a new tag
Caveats
  • Supply blocks, unpowered buildings, or Contaminate may cause inaccurate times.
  • Supply counts are checked every 10 seconds.